[Event "Titled Tuesday Blitz November 9 2021"]
[White "Cunha, Lucas Aguiar"]
[Black "Maghsoodloo, Parham"]
[WhiteFideId "2125404"]
[BlackFideId "12539929"]
[WhiteElo "2361"]
[BlackElo "2601"]
[Result "1-0"]
[Round "03"]
[TimeControl "180+1"]
[Date "2021.11.09"]
[WhiteClock "0:00:14"]
[BlackClock "0:00:13"]

1. e4 c5 2. Nf3 d6 3. d4 cxd4 4. Qxd4 Nc6 5. Qe3 g6 6. Be2 Bg7 7. O-O Nf6 8. Rd1 O-O 9. Nc3 Be6 10. Nd5 Rc8 11. c3 a6 12. Qf4 Bxd5 13. exd5 Nb8 14. Qh4 Nbd7 15. Bh6 Qb6 16. Rab1 Rc5 17. Ng5 Rfc8 18. c4 Qd8 19. b3 Qf8 20. Bxg7 Qxg7 21. a4 h6 22. Nf3 g5 23. Qd4 g4 24. Ne1 Ne5 25. Nc2 b5 26. Ne3 bxc4 27. bxc4 Qg5 28. Rb7 Kf8 29. Rdb1 h5 30. Ra7 R5c7 31. Rxc7 Rxc7 32. Qb6 Rc5 33. Qd8+ Kg7 34. Rb8 Nf3+ 35. Kh1 Ne5 36. Qh8+ Kg6 37. Bd1 Rxc4 38. Nxc4 Qc1 39. Ne3 Qd2 40. h4 Nd3 41. Bc2 g3 42. Rg8+ Nxg8 43. Qxg8+ Kf6 44. Qg5# 1-0


[Site "https://www.chess.com"]

[Event "Titled Tuesday Blitz November 9 2021"]
[White "Hakobyan, Aram"]
[Black "Szpar, Milosz"]
[WhiteFideId "13306677"]
[BlackFideId "1184989"]
[WhiteElo "2557"]
[BlackElo "2285"]
[Result "1-0"]
[Round "03"]
[TimeControl "180+1"]
[Date "2021.11.09"]
[WhiteClock "0:01:33"]
[BlackClock "0:00:56"]

1. d4 Nf6 2. c4 e6 3. Nc3 d5 4. Bg5 dxc4 5. e3 Bb4 6. Bxc4 O-O 7. Ne2 b6 8. a3 Be7 9. O-O Bb7 10. Qc2 Nbd7 11. Rfd1 h6 12. Bh4 a6 13. Rac1 Ne8 14. Bg3 Nd6 15. Ba2 Nf5 16. Bf4 Bd6 17. d5 Qe7 18. dxe6 fxe6 19. Bxd6 Nxd6 20. Nf4 Rf6 21. Ncd5 1-0


[Site "https://www.chess.com"]

[Event "Titled Tuesday Blitz November 9 2021"]
[White "Harshavardhan G B"]
[Black "Cunjalo, Faris"]
[WhiteFideId "25059009"]
[BlackFideId "14410710"]
[WhiteElo "1825"]
[BlackElo "2263"]
[Result "0-1"]
[Round "03"]
[TimeControl "180+1"]
[Date "2021.11.09"]
[WhiteClock "0:00:13"]
[BlackClock "0:00:33"]

1. d4 e6 2. e4 d5 3. Nc3 Bb4 4. e5 c5 5. a3 Ba5 6. b4 cxd4 7. Nb5 Bc7 8. f4 Nc6 9. Nf3 a5 10. Bd2 axb4 11. axb4 Rxa1 12. Qxa1 Nge7 13. Bd3 O-O 14. O-O Bb6 15. Nd6 Qc7 16. Qe1 Ng6 17. h4 f5 18. h5 Nh8 19. h6 g6 20. Ng5 Nd8 21. Qh4 Nhf7 22. Nxc8 Qxc8 23. Nf3 Nc6 24. Kh2 Bd8 25. Qh3 g5 26. fxg5 Ncxe5 27. Bf4 Bc7 28. Nxe5 Bxe5 29. g6 hxg6 30. g4 Bxf4+ 31. Rxf4 Qc7 32. Qg3 g5 33. Rxd4 Qxg3+ 34. Kxg3 f4+ 35. Kf3 Ne5+ 36. Ke2 Nxg4 37. Kf1 Ne3+ 38. Ke2 e5 0-1


[Site "https://www.chess.com"]

[Event "Titled Tuesday Blitz November 9 2021"]
[White "Holt, Conrad"]
[Black "Lewtak, Damian"]
[WhiteFideId "2034387"]
[BlackFideId "1141724"]
[WhiteElo "2586"]
[BlackElo "2203"]
[Result "1-0"]
[Round "03"]
[TimeControl "180+1"]
[Date "2021.11.09"]
[WhiteClock "0:00:17"]
[BlackClock "0:00:08"]

1. d4 d6 2. Nf3 Bg4 3. Nbd2 Nc6 4. h3 Bxf3 5. Nxf3 e5 6. e4 Nf6 7. Bb5 a6 8. Bxc6+ bxc6 9. dxe5 Nxe4 10. Qd4 d5 11. Qa4 Qd7 12. O-O Bc5 13. Nd4 Bxd4 14. Qxd4 h6 15. Rd1 Qe7 16. f3 Ng5 17. Bxg5 hxg5 18. Qa4 Qe6 19. Qg4 Qxg4 20. hxg4 Ke7 21. c4 Rhd8 22. cxd5 Rxd5 23. Rac1 Kd7 24. Kf2 Rb8 25. b3 Rb5 26. g3 Rb4 27. Ke3 a5 28. Rxd5+ cxd5 29. Rc5 a4 30. Rxd5+ Ke6 31. Rd4 Rb5 32. Rxa4 Kxe5 33. Rc4 c5 34. Kd3 g6 35. Kc3 f5 36. a4 Ra5 37. f4+ gxf4 38. gxf4+ Kd5 39. gxf5 gxf5 40. b4 cxb4+ 41. Rxb4 Ra8 42. Kb3 Rh8 43. a5 Rh1 44. Ka4 Kc5 45. Rb5+ Kc4 46. Rb4+ Kc5 47. Rb3 Ra1+ 48. Ra3 Rxa3+ 49. Kxa3 Kb5 50. Kb3 Kxa5 51. Kc4 Kb6 52. Kd5 Kc7 53. Ke5 Kd8 54. Kxf5 Ke7 55. Kg6 Ke8 56. Kg7 Ke7 57. f5 1-0


[Site "https://www.chess.com"]

[Event "Titled Tuesday Blitz November 9 2021"]
[White "Khusnutdinov, Rustam"]
[Black "Leitao, Rafael"]
[WhiteFideId "13701703"]
[BlackFideId "2101246"]
[WhiteElo "2571"]
[BlackElo "2609"]
[Result "1-0"]
[Round "03"]
[TimeControl "180+1"]
[Date "2021.11.09"]
[WhiteClock "0:00:18"]
[BlackClock "0:00:14"]

1. e4 e5 2. f4 exf4 3. Nf3 Nf6 4. e5 Nh5 5. Qe2 Be7 6. d4 g6 7. Nc3 d5 8. Bd2 Nc6 9. O-O-O Be6 10. Qf2 Qd7 11. Bb5 a6 12. Ba4 b5 13. Bb3 Na5 14. Kb1 Nc4 15. Bc1 Rb8 16. Ne2 a5 17. a3 a4 18. Bxc4 bxc4 19. Ka1 Bf5 20. Ne1 Qb5 21. Nc3 Qb7 22. g3 fxg3 23. hxg3 Bg4 24. Nf3 Ng7 25. Rdf1 Nf5 26. Nh2 Bh3 27. g4 Bxf1 28. Rxf1 Nh6 29. Qe3 Ng8 30. Qf3 f6 31. Nxd5 Bxa3 32. Qxa3 Qxd5 33. exf6 Qf7 34. g5 Kd8 35. Ng4 Kc8 36. Ne5 Qe6 37. f7 1-0


[Site "https://www.chess.com"]

[Event "Titled Tuesday Blitz November 9 2021"]
[White "Kovalenko, Igor"]
[Black "Papasimakopoulos, Alexandros"]
[WhiteFideId "14117908"]
[BlackFideId "4244125"]
[WhiteElo "2629"]
[BlackElo "2394"]
[Result "1-0"]
[Round "03"]
[TimeControl "180+1"]
[Date "2021.11.09"]
[WhiteClock "0:01:03"]
[BlackClock "0:00:08"]

1. d4 f5 2. c4 Nf6 3. Nc3 d6 4. Nf3 g6 5. e3 Bg7 6. Be2 O-O 7. O-O Nc6 8. d5 Ne5 9. Nxe5 dxe5 10. e4 f4 11. f3 g5 12. c5 h5 13. b4 a5 14. Ba3 axb4 15. Bxb4 Kh8 16. Qb3 g4 17. Rad1 Rg8 18. d6 exd6 19. cxd6 c6 20. Bc4 Rf8 21. d7 Nxd7 22. Bxf8 Qxf8 23. Rd2 b5 24. Bf7 Nc5 25. Qb4 gxf3 26. Bxh5 fxg2 27. Rfd1 Bh3 28. Bf3 Ne6 29. Qxf8+ Bxf8 30. Bxg2 Bc5+ 31. Kh1 Bxg2+ 32. Rxg2 f3 33. Rg6 Nf4 34. Rxc6 Bd4 35. Nxb5 f2 36. Nxd4 exd4 37. Rf6 Nh3 38. Rf3 Ng5 39. Rxf2 Nxe4 40. Rf4 Re8 41. Rxd4 Nc3 42. Rf3 Re1+ 43. Kg2 Ne2 44. Rh4+ Kg7 45. Rg4+ Kh6 46. Rh3# 1-0


[Site "https://www.chess.com"]

[Event "Titled Tuesday Blitz November 9 2021"]
[White "Lianes Garcia, Marcos"]
[Black "Hansen, Eric"]
[WhiteFideId "32060777"]
[BlackFideId "2606771"]
[WhiteElo "2283"]
[BlackElo "2568"]
[Result "0-1"]
[Round "03"]
[TimeControl "180+1"]
[Date "2021.11.09"]
[WhiteClock "0:00:07"]
[BlackClock "0:00:44"]

1. e4 c5 2. g3 Nc6 3. Bg2 g6 4. Ne2 Bg7 5. O-O d6 6. c3 e5 7. d3 Nge7 8. Be3 b6 9. d4 exd4 10. cxd4 Ba6 11. d5 Bxe2 12. Qxe2 Nd4 13. Qd2 O-O 14. Nc3 f5 15. Bg5 Qd7 16. Rae1 Rf7 17. f4 h6 18. Bxe7 Rxe7 19. e5 dxe5 20. d6 Qxd6 21. Bxa8 Nf3+ 22. Bxf3 Qxd2 23. Bd5+ Kh7 24. Re2 Qd4+ 25. Kh1 c4 26. Rd1 Qc5 27. fxe5 Rxe5 28. Rxe5 Bxe5 29. Kg2 Bxc3 30. bxc3 b5 31. Bf3 Kg7 32. Rd5 Qa3 33. Rxb5 Qxa2+ 34. Kh3 Qf2 0-1


[Site "https://www.chess.com"]

[Event "Titled Tuesday Blitz November 9 2021"]
[White "Madaminov, Mukhiddin"]
[Black "Grachev, Boris"]
[WhiteFideId "14210703"]
[BlackFideId "4129199"]
[WhiteElo "1855"]
[BlackElo "2555"]
[Result "1-0"]
[Round "03"]
[TimeControl "180+1"]
[Date "2021.11.09"]
[WhiteClock "0:00:06"]
[BlackClock "0:00:01"]

1. e4 c5 2. Nf3 e6 3. d4 cxd4 4. Nxd4 Nf6 5. Nc3 Nc6 6. Nxc6 bxc6 7. e5 Nd5 8. Ne4 Bb7 9. f4 c5 10. Qe2 f5 11. exf6 Nxf6 12. Nxf6+ Qxf6 13. c3 Bd6 14. Be3 Bxf4 15. Qh5+ g6 16. Qxc5 Bxe3 17. Qxe3 O-O 18. O-O-O Bc6 19. h4 Rab8 20. h5 Qf2 21. Qd2 Qxd2+ 22. Rxd2 gxh5 23. Bd3 Rf7 24. Rxh5 Rg7 25. g4 Rf8 26. Rdh2 Rf3 27. Bxh7+ Kf7 28. g5 Rg3 29. Rf2+ Ke7 30. g6 Be4 31. Ra5 Bxg6 32. Bxg6 R7xg6 33. Rxa7 e5 34. Rd2 Rd6 35. Rxd6 Kxd6 36. a4 e4 37. Ra8 Ke7 38. Rh8 Rg1+ 39. Kc2 Rg2+ 40. Kb3 Kd6 41. Re8 Re2 42. a5 Kc6 43. Ka3 Kb5 44. b4 Kc4 45. a6 Re1 46. a7 Ra1+ 47. Kb2 Rxa7 48. Rxe4+ Kb5 49. Kb3 Kc6 50. Rc4+ Kb6 51. Rd4 Kc6 52. c4 Ra1 53. c5 Rb1+ 54. Kc2 Rh1 55. Kc3 Rc1+ 56. Kb2 Rf1 57. Kc2 Rg1 58. Rd3 Rg4 59. Kc3 Kb5 60. Rxd7 Rg3+ 61. Kd4 Rg4+ 62. Kd5 Rg5+ 63. Kd6 Rg6+ 64. Kc7 Kxb4 65. Rd6 Rg7+ 66. Kb6 Rg5 67. c6 Rb5+ 68. Ka7 Kc5 69. c7 Kxd6 70. c8=Q Rc5 71. Qd8+ Kc6 72. Ka6 Rd5 73. Qc8+ Kd6 74. Kb6 Ke5 75. Qe8+ Kd4 76. Kc6 Rc5+ 77. Kd6 Rd5+ 78. Kc6 Rc5+ 79. Kb6 Re5 80. Qa4+ Kd5 81. Qd1+ Kc4 82. Qc2+ Kd4 83. Qb2+ Ke4 84. Kc6 Re6+ 85. Kd7 Re5 86. Kd6 Rd5+ 87. Ke6 Rd3 88. Qe2+ Re3 89. Qc4+ Kf3+ 90. Kf5 Kg2 91. Qg4+ Rg3 92. Qe2+ Kg1 93. Kf4 Rg2 94. Qe1+ Kh2 95. Qh4+ Kg1 96. Kf3 Rc2 97. Qe1+ Kh2 98. Qe5+ Kg1 99. Qe1+ Kh2 100. Qh4+ Kg1 101. Qg5+ Kf1 102. Qb5+ Ke1 103. Qb1+ Kd2 104. Kf2 Kc3+ 105. Ke3 Rb2 106. Qc1+ Kb3 107. Kd3 Ka2 108. Kc3 Rb3+ 109. Kc4 Rb4+ 110. Kc5 Rb3 111. Qd1 Rc3+ 112. Kb4 Rc1 113. Qd2+ Kb1 114. Kb3 Rc2 115. Qxc2+ 1-0


[Site "https://www.chess.com"]

[Event "Titled Tuesday Blitz November 9 2021"]
[White "Manafov, Vugar"]
[Black "Shyaamnikhil P"]
[WhiteFideId "13410814"]
[BlackFideId "5024218"]
[WhiteElo "2277"]
[BlackElo "2300"]
[Result "1-0"]
[Round "03"]
[TimeControl "180+1"]
[Date "2021.11.09"]
[WhiteClock "0:00:19"]
[BlackClock "0:00:02"]

1. d4 Nf6 2. c4 c5 3. d5 b5 4. cxb5 a6 5. bxa6 g6 6. Nc3 Bxa6 7. e4 Bxf1 8. Kxf1 d6 9. Nf3 Bg7 10. g3 O-O 11. Kg2 Na6 12. Qe2 Qb6 13. Nd2 Nb4 14. Nc4 Qa6 15. Bg5 Qb7 16. a3 Na6 17. a4 Nb4 18. Nb5 Ra6 19. b3 Rfa8 20. Rad1 h6 21. Bxf6 Bxf6 22. h4 Bg7 23. f4 h5 24. Kh2 Qd7 25. Rd2 Rb8 26. Ne3 Raa8 27. g4 hxg4 28. Qxg4 Qxg4 29. Nxg4 c4 30. bxc4 Rxa4 31. e5 dxe5 32. fxe5 Nxd5 33. Rxd5 Rxc4 34. Ne3 Rxh4+ 35. Kg2 Re4 36. Kf3 Rxe5 37. Rxe5 Bxe5 38. Na3 Bg7 39. Nac4 f5 40. Rg1 Kf7 41. Nd5 Rb3+ 42. Ke2 Bf6 43. Rh1 g5 44. Nce3 Rb2+ 45. Kd3 e6 46. Nc7 Rb7 47. Na6 Be7 48. Nc5 Rc7 49. Nb3 Bf6 50. Nd2 Rc3+ 51. Ke2 g4 52. Ndc4 f4 53. Nd6+ Ke7 54. Nxg4 Kxd6 55. Nxf6 Ke5 56. Ng4+ Kf5 57. Nf2 Rg3 58. Rh5+ Rg5 59. Rh8 e5 60. Rf8+ Ke6 61. Ne4 Rg1 62. Kf2 Ra1 63. Ng5+ Ke7 64. Rf7+ Kd6 65. Kf3 Kd5 66. Rd7+ Kc6 67. Rd3 Ra4 68. Ne4 Rd4 69. Rc3+ Kd5 70. Rc5+ Ke6 71. Rc6+ Ke7 72. Ng5 Ra4 73. Re6+ Kd7 74. Rxe5 Ra3+ 75. Kxf4 Ra6 76. Ne4 1-0


[Site "https://www.chess.com"]

[Event "Titled Tuesday Blitz November 9 2021"]
[White "Matinian, Nikita"]
[Black "Kadric, Denis"]
[WhiteFideId "24129100"]
[BlackFideId "14403803"]
[WhiteElo "2422"]
[BlackElo "2469"]
[Result "1-0"]
[Round "03"]
[TimeControl "180+1"]
[Date "2021.11.09"]
[WhiteClock "0:00:22"]
[BlackClock "0:00:33"]

1. e4 d6 2. d4 Nf6 3. Nc3 e5 4. Nf3 Nbd7 5. Bc4 Be7 6. O-O O-O 7. Re1 c6 8. a4 exd4 9. Qxd4 Ne5 10. Nxe5 dxe5 11. Qxe5 Ng4 12. Qf4 Bd6 13. e5 Nxe5 14. Rxe5 Qc7 15. Bxf7+ Kh8 16. Qh4 Bxe5 17. Bg6 h6 18. Bd3 Bf4 19. Bxf4 Qxf4 20. Qxf4 Rxf4 21. Re1 Bd7 22. Re7 Rd8 23. Ne4 Bf5 24. g3 Rf3 25. Kg2 Bxe4 26. Bxe4 Rff8 27. Rxb7 Rd2 28. Rxa7 h5 29. Kh3 Rdxf2 30. a5 Kg8 31. a6 g5 32. Rb7 R8f7 33. a7 1-0


[Site "https://www.chess.com"]

[Event "Titled Tuesday Blitz November 9 2021"]
[White "Maximov, Dmitry"]
[Black "Zubov, Alexander"]
[WhiteFideId "14105659"]
[BlackFideId "14109409"]
[WhiteElo "2494"]
[BlackElo "2685"]
[Result "0-1"]
[Round "03"]
[TimeControl "180+1"]
[Date "2021.11.09"]
[WhiteClock "0:00:12"]
[BlackClock "0:00:12"]

1. e4 c5 2. Nf3 e6 3. c3 Nf6 4. Bd3 d5 5. e5 Nfd7 6. Bc2 c4 7. b3 Nc6 8. Qe2 b5 9. d4 cxd3 10. Bxd3 b4 11. O-O bxc3 12. Nxc3 Be7 13. Bf4 O-O 14. Rac1 Bb7 15. Bb1 Nc5 16. Qc2 g6 17. Nb5 Ba6 18. a4 Rb8 19. Qe2 Qb6 20. Be3 Bxb5 21. axb5 Qxb5 22. Qc2 Nb4 23. Qc3 Rfc8 24. Bg5 Bf8 25. Bf6 Qb7 26. Qe3 Ne4 27. Bxe4 Rxc1 28. Rxc1 dxe4 29. Ng5 Nd5 30. Qh3 Nxf6 31. exf6 h6 32. Nxe4 Qxe4 33. Qg3 Rd8 34. h3 Bd6 35. Qc3 Qe5 36. Qf3 Qf5 37. Qe2 Qf4 0-1


[Site "https://www.chess.com"]

[Event "Titled Tuesday Blitz November 9 2021"]
[White "Moskalenko, Alexander"]
[Black "FGHSMN"]
[WhiteFideId "4155351"]
[WhiteElo "2515"]
[BlackElo "2664"]
[Result "0-1"]
[Round "03"]
[TimeControl "180+1"]
[Date "2021.11.09"]
[WhiteClock "0:01:50"]
[BlackClock "0:00:58"]

1. e4 e6 2. d4 d5 3. Nc3 Bb4 4. e5 c5 5. a3 Bxc3+ 6. bxc3 Ne7 7. Qg4 Qc7 8. Qxg7 Rg8 9. Qxh7 cxd4 10. Ne2 Nbc6 11. f4 dxc3 12. Qd3 d4 13. h4 Bd7 14. h5 O-O-O 15. h6 Rg6 16. g3 Nf5 17. h7 Rh8 18. Bg2 Nce7 19. Bf3 Bc6 20. g4 Rxg4 21. Bxg4 Bxh1 22. Nxd4 Nxd4 23. Qxd4 Rxh7 24. Qxa7 Be4 25. Be3 Rh1+ 26. Bg1 Nc6 27. Qe3 Qd8 28. Rd1 Qh4+ 29. Qf2 Rxg1+ 0-1


[Site "https://www.chess.com"]

[Event "Titled Tuesday Blitz November 9 2021"]
[White "Nagy, Gabor"]
[Black "Ezat, Mohamed"]
[WhiteFideId "737119"]
[BlackFideId "10600906"]
[WhiteElo "2534"]
[BlackElo "2400"]
[Result "1-0"]
[Round "03"]
[TimeControl "180+1"]
[Date "2021.11.09"]
[WhiteClock "0:01:05"]
[BlackClock "0:00:15"]

1. Nf3 Nf6 2. c4 g6 3. Nc3 Bg7 4. e4 O-O 5. d4 d6 6. Be2 e5 7. O-O Nc6 8. Be3 Ng4 9. Bg5 f6 10. Bc1 f5 11. Bg5 Qe8 12. dxe5 Ngxe5 13. Nxe5 Nxe5 14. Nd5 Rf7 15. exf5 Bxf5 16. Qd2 c6 17. Ne3 Qe6 18. Rae1 Raf8 19. f4 Ng4 20. Bxg4 Bxg4 21. f5 Qe4 22. Rf4 Re8 23. Rxe4 Rxe4 24. f6 Bf8 25. Nxg4 Rxg4 26. h3 Rxc4 27. Re8 d5 28. b3 Re4 29. Rxe4 dxe4 30. Qe2 h6 31. Qxe4 Bc5+ 32. Be3 Bxe3+ 33. Qxe3 Rxf6 34. Qxh6 Kf7 35. Qh7+ 1-0


[Site "https://www.chess.com"]

[Event "Titled Tuesday Blitz November 9 2021"]
[White "Nakamura, Hikaru"]
[Black "Perez Gormaz, Matias"]
[WhiteFideId "2016192"]
[BlackFideId "3406342"]
[WhiteElo "2884"]
[BlackElo "2352"]
[Result "1-0"]
[Round "03"]
[TimeControl "180+1"]
[Date "2021.11.09"]
[WhiteClock "0:00:12"]
[BlackClock "0:00:02"]

1. Nf3 d5 2. e3 Nf6 3. c4 e6 4. d4 a6 5. b3 b6 6. Bb2 Bb7 7. Nbd2 Nbd7 8. cxd5 exd5 9. Bd3 Bd6 10. Ne5 O-O 11. O-O Re8 12. f4 c5 13. Qf3 Rc8 14. Qh3 Nf8 15. Rad1 b5 16. dxc5 Bxc5 17. Kh1 Qb6 18. Rde1 Qa5 19. Re2 Qxa2 20. Bc3 Bb6 21. Bb4 Ng6 22. Bf5 Rc7 23. Bb1 Qb2 24. Nd3 Qa1 25. Ne5 Qb2 26. Nd3 Qa1 27. Qg3 Ne4 28. Nxe4 dxe4 29. Ne5 Nxe5 30. Ra2 Qxa2 31. Bxa2 Nd3 32. Bd6 Rc2 33. Bb1 Rb2 34. f5 f6 35. Ba3 Rxb3 36. Ba2 Bd5 37. Qd6 Rxa3 38. Bxd5+ Kh8 39. Qxa3 Bxe3 40. Qxa6 Ne5 41. Qxb5 Rd8 42. Bxe4 Bg5 43. h3 h5 44. Qe2 h4 45. Rd1 Rxd1+ 46. Qxd1 Kg8 47. Qd8+ Kh7 48. Bd5 g6 49. Qg8+ Kh6 50. Qh8# 1-0


[Site "https://www.chess.com"]

[Event "Titled Tuesday Blitz November 9 2021"]
[White "Pichot, Alan"]
[Black "Baskin, Robert"]
[WhiteFideId "110973"]
[BlackFideId "24662402"]
[WhiteElo "2600"]
[BlackElo "2488"]
[Result "1-0"]
[Round "03"]
[TimeControl "180+1"]
[Date "2021.11.09"]
[WhiteClock "0:01:07"]
[BlackClock "0:00:03"]

1. e4 c5 2. Nf3 d6 3. d4 cxd4 4. Nxd4 Nf6 5. Nc3 a6 6. Bg5 Nbd7 7. Bc4 Qb6 8. Bb3 e6 9. Qd2 Be7 10. O-O-O Nc5 11. Rhe1 h6 12. Bh4 Qc7 13. f4 O-O 14. e5 dxe5 15. fxe5 Nh7 16. Bxe7 Qxe7 17. Ne4 Nxe4 18. Rxe4 Bd7 19. h4 Rfd8 20. Qf2 Be8 21. g4 b5 22. a3 a5 23. Qe1 a4 24. Ba2 b4 25. axb4 a3 26. b3 Rab8 27. c3 Qc7 28. Kb1 Bc6 29. Rf4 Nf8 30. h5 Nd7 31. Nxc6 Qxc6 32. Rfd4 Qc7 33. Qd2 Qxe5 34. Rxd7 Rxd7 35. Qxd7 Qxc3 36. Qd4 Qf3 37. Ka1 Rf8 38. b5 Qe2 39. b6 e5 40. Qd2 Qb5 41. Qe3 e4 42. Bb1 Qe5+ 43. Qd4 Qh2 44. Rd2 Qh1 45. Qxe4 Qc1 46. Qh7# 1-0


[Site "https://www.chess.com"]

[Event "Titled Tuesday Blitz November 9 2021"]
[White "Polivanov, Anatoliy"]
[Black "Lazavik, Denis"]
[WhiteFideId "14109468"]
[BlackFideId "13515110"]
[WhiteElo "2472"]
[BlackElo "2436"]
[Result "0-1"]
[Round "03"]
[TimeControl "180+1"]
[Date "2021.11.09"]
[WhiteClock "0:00:02"]
[BlackClock "0:00:03"]

1. e4 c5 2. Nc3 e6 3. Nf3 Nc6 4. d4 cxd4 5. Nxd4 Qc7 6. g3 a6 7. Bg2 Nf6 8. O-O Nxd4 9. Qxd4 Bc5 10. Bf4 d6 11. Qd2 h6 12. Rad1 e5 13. Be3 Bxe3 14. fxe3 Be6 15. Qxd6 Rc8 16. Qxc7 Rxc7 17. Rd2 Ke7 18. Nd5+ Bxd5 19. exd5 Ne8 20. Rf5 f6 21. Bh3 Nd6 22. Rf3 g6 23. Be6 h5 24. h4 f5 25. Kg2 b5 26. Rf1 Rb8 27. Ra1 Nc4 28. Rd3 Kd6 29. b3 Na3 30. Rc1 e4 31. Rd2 Rc3 32. Kf2 Rb7 33. Ke2 Rbc7 34. Kf2 Nxc2 35. Re2 b4 0-1


[Site "https://www.chess.com"]

[Event "Titled Tuesday Blitz November 9 2021"]
[White "Rozman, Levy"]
[Black "Kollars, Dmitrij"]
[WhiteFideId "2039877"]
[BlackFideId "12909572"]
[WhiteElo "2376"]
[BlackElo "2584"]
[Result "0-1"]
[Round "03"]
[TimeControl "180+1"]
[Date "2021.11.09"]
[WhiteClock "0:00:02"]
[BlackClock "0:00:17"]

1. d4 Nf6 2. c4 e6 3. Nc3 Bb4 4. a3 Bxc3+ 5. bxc3 Nc6 6. f3 b6 7. e4 Ba6 8. e5 Ng8 9. Bd3 Na5 10. Qe2 c5 11. d5 Bxc4 12. d6 Bxd3 13. Qxd3 Qh4+ 14. g3 Qc4 15. Ke2 f6 16. f4 Nh6 17. Nf3 O-O 18. Qxc4 Nxc4 19. Kd3 b5 20. a4 a6 21. Be3 Ng4 22. Bxc5 fxe5 23. h3 Rac8 24. Ba7 Nh6 25. axb5 axb5 26. Nxe5 Nxe5+ 27. fxe5 Rf3+ 28. Ke2 Rfxc3 29. g4 Nf7 30. Bd4 R3c4 31. Ke3 Nd8 32. Rhd1 Nc6 33. Rab1 b4 34. Bb2 Rc2 35. Rd2 Rc5 36. Ke4 Rc4+ 37. Ke3 b3 38. Rd3 Na5 39. Bd4 Rc2 40. Bb6 Nc4+ 0-1


[Site "https://www.chess.com"]

[Event "Titled Tuesday Blitz November 9 2021"]
[White "Salinas Herrera, Pablo"]
[Black "Mustafayev, Farid"]
[WhiteFideId "3407128"]
[BlackFideId "13408771"]
[WhiteElo "2541"]
[BlackElo "2091"]
[Result "0-1"]
[Round "03"]
[TimeControl "180+1"]
[Date "2021.11.09"]
[WhiteClock "0:00:01"]
[BlackClock "0:00:35"]

1. e4 c6 2. Nf3 d5 3. Nc3 dxe4 4. Nxe4 Nf6 5. Qe2 Nxe4 6. Qxe4 Qd5 7. Qf4 Qf5 8. d3 Qxf4 9. Bxf4 Bf5 10. O-O-O e6 11. Nh4 Bg4 12. f3 Bh5 13. g4 Bg6 14. Nxg6 hxg6 15. h3 Nd7 16. Bg2 Be7 17. c3 g5 18. Bg3 Nb6 19. Rde1 Rd8 20. Kc2 Nd5 21. Bf1 Bd6 22. Bf2 a6 23. a3 Ke7 24. h4 gxh4 25. Rxh4 g5 26. Rxh8 Rxh8 27. Bd4 Rh2+ 28. Re2 Rxe2+ 29. Bxe2 Bc7 30. Bf2 Bb6 31. d4 e5 32. Bd3 f6 33. Bf5 Kd8 34. Kd3 exd4 35. Bxd4 Bxd4 36. Kxd4 Kc7 37. c4 Ne7 38. Be6 Kd6 39. Bf7 b6 40. b4 c5+ 41. bxc5+ bxc5+ 42. Ke4 Kc7 43. Be8 Kd8 44. Ba4 Kc7 45. Bc2 Kd6 46. Bd1 Ke6 47. Ba4 Kd6 48. Be8 Kc7 49. Ba4 Kd6 50. Bb3 Ke6 51. Bd1 f5+ 52. gxf5+ Nxf5 53. Ba4 Nd6+ 54. Kd3 Ke5 55. Bc6 Nf5 56. Bd5 Nd4 57. Kc3 Kf4 58. a4 a5 59. Kd3 Nxf3 60. Ke2 Ne5 61. Kf2 g4 62. Kg2 Nd3 63. Bf7 Nb2 64. Be6 Nxa4 65. Kf2 Nc3 66. Kg2 g3 0-1


[Site "https://www.chess.com"]

[Event "Titled Tuesday Blitz November 9 2021"]
[White "Seo, Jung Min"]
[Black "Bortnyk, Mykola"]
[WhiteFideId "1734687"]
[BlackFideId "14120836"]
[WhiteElo "2472"]
[BlackElo "2582"]
[Result "0-1"]
[Round "03"]
[TimeControl "180+1"]
[Date "2021.11.09"]
[WhiteClock "0:00:02"]
[BlackClock "0:00:22"]

1. d4 d5 2. c4 e6 3. Nf3 Nf6 4. Nc3 Be7 5. Bg5 O-O 6. e3 Nbd7 7. cxd5 Nxd5 8. Bxe7 Qxe7 9. Nxd5 exd5 10. Bd3 c6 11. O-O Nf6 12. Qc2 g6 13. Ne5 Ng4 14. Nf3 Re8 15. Rab1 a5 16. b3 Nh6 17. Ne5 f6 18. Nf3 Bg4 19. Nd2 Bf5 20. Rfe1 Qd6 21. h3 Kg7 22. Rbd1 a4 23. Qc3 axb3 24. axb3 Bxd3 25. Qxd3 Nf5 26. e4 dxe4 27. Nxe4 Qd5 28. Nc5 b6 29. Na4 Rxe1+ 30. Rxe1 Qxd4 31. Re7+ Kh6 32. Qxd4 Nxd4 33. Nxb6 Ra1+ 34. Kh2 Ra2 35. Kg1 Ne2+ 36. Kh2 Nf4 37. Kg3 Nd3 38. f3 g5 39. Nd7 Kg6 40. Re6 Rxg2+ 41. Kxg2 Nf4+ 42. Kg3 Nxe6 43. b4 h5 44. Nb8 Nd4 45. Kf2 Kf5 46. Nd7 Nc2 47. Nc5 Nxb4 48. Kg3 h4+ 49. Kf2 Ke5 50. Ke3 Nd5+ 51. Kf2 Nf4 52. Ke3 Nxh3 53. Nd3+ Kf5 54. Ne1 Nf4 55. Kf2 c5 56. Nc2 Ke5 57. Ne3 Kd4 58. Ng4 Nd5 0-1


[Site "https://www.chess.com"]

[Event "Titled Tuesday Blitz November 9 2021"]
[White "Shimelkov, Vasiliy"]
[Black "Ozen, Deniz"]
[WhiteFideId "13701630"]
[BlackFideId "6349196"]
[WhiteElo "2073"]
[BlackElo "2326"]
[Result "1/2-1/2"]
[Round "03"]
[TimeControl "180+1"]
[Date "2021.11.09"]
[WhiteClock "0:00:15"]
[BlackClock "0:00:22"]

1. d4 Nf6 2. c4 c6 3. Nf3 d5 4. Nc3 dxc4 5. a4 Bf5 6. e3 e6 7. Bxc4 Nbd7 8. O-O Bb4 9. Qe2 O-O 10. e4 Bg4 11. e5 Nd5 12. Nxd5 exd5 13. Bd3 f6 14. Qe3 Bxf3 15. gxf3 fxe5 16. dxe5 Bc5 17. Qe2 Qh4 18. f4 Rxf4 19. Bxf4 Qxf4 20. Rae1 Bb4 21. Qe3 Qg4+ 22. Kh1 Bxe1 23. Rxe1 Re8 24. f4 b6 25. Rg1 Qe6 26. Qg3 Qe7 27. e6 Nf6 28. f5 c5 29. b3 d4 30. Qg2 Qc7 31. h3 Kh8 32. Qg3 Qxg3 33. Rxg3 g6 34. fxg6 hxg6 35. Rxg6 Rxe6 36. Kg2 Nd5 37. Rxe6 Nf4+ 38. Kf3 Nxe6 39. h4 Kg7 40. Ke4 Kf6 41. a5 bxa5 42. Bc4 Nc7 43. h5 Kg5 44. Ke5 Ne8 45. Kd5 Kxh5 46. Kxc5 Kg5 47. Kxd4 Kf6 48. Kc5 Ke7 49. Kb5 Kd6 50. Kxa5 Kc7 51. Kb4 Kb8 52. Kc3 Nc7 53. Kd3 Kb7 54. Kc3 Kb6 55. Kd3 Ne8 56. Kc3 Kc5 57. Kd3 Kb4 58. Kc2 Nd6 59. Bd5 Nb5 60. Bg8 a5 61. Kb2 Nd4 62. Bf7 Ne2 63. Bg8 Nf4 64. Bf7 Nd3+ 65. Kc2 Ne5 66. Bg8 Nd7 67. Bf7 Nb6 68. Kb2 Na8 69. Bd5 Nc7 70. Bg8 Ne8 71. Be6 Nf6 72. Bf7 Ng4 73. Bg8 Ne3 74. Bf7 Nf5 75. Bg8 Nd6 76. Be6 Nb7 77. Bg8 Nc5 78. Bf7 Nd3+ 79. Kc2 Nf4 80. Kb2 Nd3+ 1/2-1/2


[Site "https://www.chess.com"]

[Event "Titled Tuesday Blitz November 9 2021"]
[White "Siva Mahadevan"]
[Black "Csonka, Balazs"]
[WhiteFideId "25043153"]
[BlackFideId "742910"]
[WhiteElo "2203"]
[BlackElo "2404"]
[Result "1-0"]
[Round "03"]
[TimeControl "180+1"]
[Date "2021.11.09"]
[WhiteClock "0:00:17"]
[BlackClock "0:00:01"]

1. e4 e5 2. Nf3 Nf6 3. Nxe5 d6 4. Nf3 Nxe4 5. Bd3 Nf6 6. O-O Be7 7. c3 O-O 8. Re1 Re8 9. Bc2 Bg4 10. d4 Nbd7 11. h3 Bh5 12. Bf5 Nf8 13. Bf4 Bg6 14. Nh4 Nd5 15. Bxg6 hxg6 16. Bg3 Bxh4 17. Rxe8 Qxe8 18. Bxh4 Qe4 19. Bg3 Re8 20. Nd2 Qe2 21. Qxe2 Rxe2 22. Rd1 g5 23. Kf1 Re8 24. c4 Nf6 25. d5 Ng6 26. Nb1 Ne4 27. Bh2 f5 28. f3 Nf6 29. Nc3 a6 30. Bg1 Kf7 31. Bd4 Ne5 32. b3 Nh5 33. Kf2 g4 34. hxg4 fxg4 35. Bxe5 Rxe5 36. fxg4 Nf6 37. Kf3 Nd7 38. Rd4 Re1 39. Rf4+ Ke7 40. Re4+ Ne5+ 41. Kg3 Rc1 42. Re3 Rc2 43. a3 Kd7 44. Ne2 b5 45. cxb5 axb5 46. Nd4 Rb2 47. Nxb5 Rd2 48. Rc3 c5 49. dxc6+ Nxc6 50. a4 d5 51. Rc5 d4 52. Rd5+ Ke7 53. a5 Rd3+ 54. Kf4 Rxb3 55. a6 Rb4 56. Ke4 Ra4 57. a7 Nxa7 58. Nxd4 Nc6 59. g3 Nxd4 60. Rxd4 Ra3 61. Kf4 Kf7 62. Rd7+ Kg6 63. Rd6+ Kf7 64. g5 Ra4+ 65. Kf5 Ra5+ 66. Kg4 g6 67. Rd7+ Kg8 68. Rc7 Rb5 69. Kf4 Rf5+ 70. Kg4 Ra5 71. Re7 Rc5 72. Re4 Kg7 73. Rf4 Rd5 74. Rf6 Rd4+ 75. Kf3 Rd5 76. Kf4 Ra5 77. Re6 Ra4+ 78. Re4 Ra5 79. g4 Rb5 80. Rd4 Ra5 81. Rd6 Ra4+ 82. Ke5 Ra5+ 83. Rd5 Ra7 84. Ke6 Ra6+ 85. Rd6 Ra4 86. Rd7+ Kg8 87. Ke7 1-0


[Site "https://www.chess.com"]